 Dungeon Crawl Stone Soup version 0.27-a0-1500-g450c7e4133 (webtiles) character file.

Game seed: 10583385393320255946

81 lunkers the Insei (level 4, -19/33 HPs)
             Began as a Djinni Warper on July 7, 2021.
             Demolished by an ice beast (21 damage)
             ... on level 3 of the Dungeon.
             The game lasted 00:04:13 (3996 turns).

lunkers the Insei (Djinni Warper)                   Turns: 3996, Time: 00:04:13

Health: -19/33     AC:  3    Str: 10    XL:     4   Next: 68%
Gold:   88         EV: 11    Int: 15    God:
                   SH:  0    Dex: 13

rFire    + + .     SeeInvis .     - Unarmed
rCold    x . .     Faith    .   (no shield)
rNeg     . . .     Spirit   .   a - +0 leather armour
rPois    ∞         Reflect  .   (no helmet)
rElec    .         Harm     .   (no cloak)
rCorr    .         Rampage  .   (no gloves)
Will     .....                  (boots unavailable)
Stlth    +.........             (no amulet)
HPRegen  0.11/turn              (no ring)
MPRegen  0.00/turn              (no ring)

@: flying
A: sickness immunity, fire resistance 2, cold vulnerability 1, float, innate
caster, hp casting, extra vitality 1
a: no special abilities


You were on level 3 of the Dungeon.
You visited 1 branch of the dungeon, and saw 3 of its levels.

You collected 88 gold pieces.

Inventory:

Hand Weapons
 j - a +0 short sword of venom
Missiles
 c - 5 boomerangs of dispersal
 f - 7 curare-tipped darts
Armour
 a - a +0 leather armour (worn)
Wands
 l - a wand of paralysis (5)
Scrolls
 b - 2 scrolls of blinking
 d - a scroll of amnesia {unknown}
 h - a scroll of identify {unknown}
 i - a scroll of enchant weapon {unknown}
 n - a scroll of magic mapping {unknown}
Potions
 e - a potion of haste {unknown}
 g - 2 potions of mutation {unknown}
 k - 2 potions of brilliance {unknown}
 m - a potion of berserk rage {unknown}
 o - a potion of flight {unknown}


   Skills:
 - Level 2.0 Fighting
 - Level 0.7 Throwing
 - Level 1.0 Armour
 - Level 2.1 Dodging
 * Level 3.9 Unarmed Combat
 + Level 3.0 Spellcasting


You couldn't memorise any spells.
You knew the following spells:

 Your Spells              Type           Power      Damage    Failure   Level
a - Magic Dart            Conj           44%        1d5       8%          1
b - Lesser Beckoning      Tloc           5%         N/A       24%         3
c - Gell's Gravitas       Tloc           5%         N/A       24%         3
d - Teleport Other        Tloc           11%        N/A       24%         3
e - Manifold Assault      Tloc           11%        N/A       91%         5
p - Blink                 Tloc           N/A        N/A       12%         2
Your spell library was empty.

Dungeon Overview and Level Annotations

Branches:
Dungeon (3/15)

Altars:

Shops:
D:1 (

Annotations:
D:2 Sigmund


Innate Abilities, Weirdness & Mutations

You are immune to sickness and miasma.
You are immune to poison.
Your flesh is very heat resistant. (rF++)
You are vulnerable to cold. (rC-)
You float through the air rather than walking.
You learn spells naturally, not from books.
Your magical power is your life essence.
You have superior vitality. (+4 HP)


Message History

You hit the ice beast but do no damage.
The ice beast is lightly wounded.
The ice beast hits you but does no damage.
You barely miss the ice beast.
The ice beast is lightly wounded.
The ice beast hits you but does no damage.
You hit the ice beast but do no damage.
The ice beast is lightly wounded.
The ice beast closely misses you.
Aiming: Paralyse
Press: ? - help, Shift-Dir - straight line, f/p - ice beast
Aim: an ice beast (lightly wounded, chance to affect: 46%)
The ice beast resists with some effort.
Aiming: Paralyse
Press: ? - help, Shift-Dir - straight line, f/p - ice beast
Aim: an ice beast (lightly wounded, chance to affect: 46%)
The ice beast resists with some effort.
The ice beast hits you. The ice beast freezes you!
You feel a terrible chill!
Aiming: Paralyse
Press: ? - help, Shift-Dir - straight line, f/p - ice beast
Aim: an ice beast (lightly wounded, chance to affect: 46%)
The ice beast resists with some effort.
The ice beast barely misses you. The ice beast hits you.
The ice beast freezes you!!
You feel a terrible chill!
Ouch! That really hurt!
* * * LOW HITPOINT WARNING * * *
Things that are here:
a +0 ring mail; a +0 club
Aiming: Paralyse
Press: ? - help, Shift-Dir - straight line, f/p - ice beast
Aim: an ice beast (lightly wounded, chance to affect: 46%)
The ice beast resists with some effort.
There is an open door here.
Aiming: Paralyse
Press: ? - help, Shift-Dir - straight line, f/p - ice beast
Aim: an ice beast (lightly wounded, chance to affect: 46%)
The ice beast resists with some effort.
The ice beast hits you.
* * * LOW HITPOINT WARNING * * *
The ice beast freezes you!!
You feel a terrible chill!
Ouch! That really hurt!
You die...

###### #..... #.....
######..... ###
#....'..... #<#
#.####.....
#)#########.#.##.....
#...@Y....#...##.....
#########.###.##.....
#............
#.......(#.#'
#............
#........#.#.
#.>......'...
#######......####
#............#


You could see an ice beast.

Vanquished Creatures
  3 adders (D:2)
  A worm (D:2)
  8 bats
  3 endoplasms
  A giant cockroach (D:1)
  5 goblins
  8 hobgoblins
  7 kobolds
  4 ball pythons
  8 frilled lizards
  3 rats
51 creatures vanquished.

Notes
Turn   | Place    | Note
-------+----------+-------------------------------------------
     0 | D:1      | lunkers the Djinni Warper began the quest for the Orb.
     0 | D:1      | Reached XP level 1. HP: 18/18 MP: 0/0
   189 | D:1      | Reached XP level 2. HP: 5/23 MP: 0/0
   573 | D:1      | Found Reixehe's Weapon Shoppe.
  1088 | D:1      | Reached XP level 3. HP: 28/28 MP: 0/0
  1088 | D:1      | Learned a level 1 spell: Magic Dart
  2342 | D:2      | Reached XP level 4. HP: 8/33 MP: 0/0
  2694 | D:2      | Noticed Sigmund
  3125 | D:3      | Noticed an ice beast
  3968 | D:3      | HP: 1/33 [ice beast (19)]
  3996 | D:3      | Demolished by an ice beast

Illustrated notes

Levels and vault maps discovered:
D:1:      sevenhm_arrival_forest_fort_large_2, layout_basic, serial_shops, shop,
          minmay_misc_feat_ornament
D:2:      layout_loops_ring, dreamdust_ecumenical_altar_sealed_demon,
          corexii_leaking_fountain, guppyfry_early_lair_pool, uniq_sigmund,
          uniq_natasha
D:3:      layout_basic

Skill      XL: |  1  2  3  4 |
---------------+-------------+-----
Unarmed Combat | 3 |  3.9
Spellcasting   | 3 |  3.0
Fighting       | |  2.0
Throwing       | |  0.7
Armour         | |  1.0
Dodging        | |  2.1

Action                   |  1- 3 |  4- 6 || total
-------------------------+-------+-------++-------
Melee: Unarmed           |    79 |    15 ||    94
       Punch             |     1 |       ||     1
 Cast: Magic Dart        |    55 |    63 ||   118
Evoke: Wand              |       |     7 ||     7
 Stab: Paralysed         |       |    12 ||    12
Armor: Leather armour    |    45 |    10 ||    55
Dodge: Dodged            |    73 |    20 ||    93

Table legend: (Time is in decaauts)
 A = Elapsed time spent in this place.
 B = Non-inter-level travel time spent in this place.
 C = Inter-level travel time spent in this place.
 D = Time resting spent in this place.
 E = Time spent auto-exploring this place.
 F = Levels seen in this place.
 G = Mean time per level.
                   A        B        C        D        E       F      G
               +--------+--------+--------+--------+--------+-----+--------+
         Total |   3994 |   3900 |     94 |    492 |   2870 |   3 | 1331.3 |
       Dungeon |   3994 |   3900 |     94 |    492 |   2870 |   3 | 1331.3 |
               +--------+--------+--------+--------+--------+-----+--------+

Top non-repeatable levels by time:
     D:1: 1803 daAuts
     D:2: 1705 daAuts
     D:3: 484 daAuts
